Selects Airborne Battlegroup
Selects Heavy Machine Gun Paradrop
Selects Smoke Bombing Run
Heavy Machine Gun Paradrop
Heavy Machine Gun Paradrop
Heavy Machine Gun Paradrop
Mechanized Support Center
Heavy Machine Gun Paradrop
M1918 Browning Automatic Rifles
Construct Weapon Support Center
Heavy Machine Gun Paradrop
Selects Paratrooper Squad Paradrop
M16 Multiple Gun Motor Carriage
Heavy Machine Gun Paradrop
M3 75 mm Gun Motor Carriage
Paratrooper Squad Paradrop
Heavy Machine Gun Paradrop
Selects Anti-tank Gun Team Paradrop
Anti-tank Gun Team Paradrop
M4(105) Sherman Bulldozer
Designate Forward Repair Station
Selects Carpet Bombing Run
Paratrooper Squad Paradrop
Designate Forward Repair Station
M4A1(76) Sherman Medium Tank